General information
- name: BNet
- type: Ladder team game (AT/RT)
- host: Battle.net
- saver: KungPow
map: FullScaleAssault
- players: 8
- length: 37:19
- speed: Fast
- version: 1.27 W3XP
- replay type: Public
» download(327 KB)
Players
team 1 (winner)
4468 (
pink | 97 APM | 3628 actions | 37:19)
8 Far Seer
3 Feral Spirit
3 Chain Lighting
1 Earth Quake
1 Far Sight
7 Shadow Hunter
3 Hex
3 Healing Wave
1 Big Bad Voodoo
» actions
| Assign group hotkey | 170 | |
| Basic commands | 58 | |
| Build / train | 113 | |
| Enter build submenu | 34 | |
| Enter hero's abilities submenu | 15 | |
| Give item / drop item | 8 | |
| Right click | 1308 | |
| Select / deselect | 704 | |
| Select group hotkey | 1047 | |
| Use ability | 171 | |
3628 total
» units
| Peon | 20 | |
| Grunt | 4 | |
| Goblin Zeppelin | 1 | |
| Wind Rider | 16 | |
| Kodo Beast | 3 | |
| Shaman | 12 | |
56 total
» upgrades
| Berserker Strength | 1 | |
| Shaman Training | 2 | |
| Envenomed Spears | 1 | |
| Ranged Weapons | 2 | |
| War Drums Damage Increase | 1 | |
| Armor | 2 | |
| Reinforced Defenses | 1 | |
10 total
» buildings
| Altar of Storms | 1 | |
| Orc Burrow | 7 | |
| Barracks | 1 | |
| Voodoo Lounge | 2 | |
| War Mill | 1 | |
| Watch Tower | 10 | |
| Great Hall | 8 | |
| Stronghold | 1 | |
| Fortress | 1 | |
| Beastiary | 2 | |
| Spirit Lodge | 1 | |
35 total
» build order
00:35 Altar of Storms
00:38 Orc Burrow
01:51 Barracks
02:02 Orc Burrow
02:06 Voodoo Lounge
02:59 War Mill
04:23 Watch Tower
04:34 Great Hall
04:55 Great Hall
05:14 Orc Burrow
05:35 Orc Burrow
06:40 Stronghold
06:43 Watch Tower
08:03 Great Hall
08:05 Watch Tower
09:06 Fortress
09:10 Beastiary
09:13 Orc Burrow
09:25 Beastiary
09:28 Spirit Lodge
10:01 Orc Burrow
10:05 Voodoo Lounge
10:38 Orc Burrow
26:03 Great Hall
26:04 Watch Tower
26:05 Watch Tower
27:14 Great Hall
27:49 Great Hall
28:05 Great Hall
28:21 Watch Tower
28:22 Watch Tower
28:35 Watch Tower
28:37 Watch Tower
28:39 Watch Tower
35:30 Great Hall
» items
| Healing Salve | 7 | |
| Lesser Clarity Potion | 8 | |
| Scroll of Speed | 2 | |
| Scroll of Town Portal | 3 | |
| Potion of Lesser Invulnerability | 2 | |
| Scroll of Healing | 2 | |
| Scroll of Protection | 3 | |
| Potion of Healing | 1 | |
28 total
Brokennail (
red | 102 APM | 3815 actions | 37:19)
8 Demon Hunter
3 Immolation
2 Mana Burn
1 Metamorphosis
2 Evasion
» actions
| Assign group hotkey | 66 | |
| Basic commands | 252 | |
| Build / train | 158 | |
| ESC pressed | 6 | |
| Enter build submenu | 26 | |
| Enter hero's abilities submenu | 8 | |
| Right click | 1724 | |
| Select / deselect | 606 | |
| Select group hotkey | 831 | |
| Use ability | 138 | |
3815 total
» units
| Wisp | 38 | |
| Archer | 19 | |
| Makrura Deepseer | 2 | |
| Makrura Snapper | 1 | |
| Mur'gul Snarecaster | 1 | |
| Huntress | 19 | |
| Hippogryph | 17 | |
| Faerie Dragon | 14 | |
| Blue Dragon | 2 | |
| Druid of the Talon | 1 | |
114 total
» upgrades
| Strength of the Moon | 1 | |
| Moon Armor | 2 | |
| Reinforced Hides | 2 | |
| Nature's Blessing | 1 | |
6 total
» buildings
| Altar of Elders | 1 | |
| Ancient of War | 2 | |
| Moon Well | 7 | |
| Tree of Life | 5 | |
| Ancient of Wonders | 3 | |
| Hunter's Hall | 1 | |
| Tree of Ages | 2 | |
| Ancient of Wind | 3 | |
24 total
» build order
00:34 Altar of Elders
00:45 Ancient of War
00:51 Moon Well
02:29 Ancient of War
03:17 Moon Well
03:36 Tree of Life
04:04 Ancient of Wonders
04:17 Moon Well
07:20 Hunter's Hall
07:49 Moon Well
07:51 Moon Well
08:38 Tree of Ages
08:38 Tree of Ages
09:52 Moon Well
09:57 Ancient of Wonders
09:59 Ancient of Wonders
13:09 Ancient of Wind
13:10 Ancient of Wind
19:55 Tree of Life
21:49 Tree of Life
23:26 Moon Well
24:12 Ancient of Wind
29:50 Tree of Life
35:44 Tree of Life
» items
| Lesser Clarity Potion | 1 | |
| Potion of Healing | 6 | |
| Moonstone | 1 | |
| Staff of Preservation | 1 | |
| Scroll of Town Portal | 3 | |
| Scroll of Healing | 1 | |
| Scroll of Protection | 2 | |
| Potion of Lesser Invulnerability | 1 | |
| Staff of Teleportation | 1 | |
| Boots of Speed | 1 | |
18 total

»
EastAtlSanta (
green | 84 APM | 3117 actions | 37:19)
6 Death Knight
3 Death Coil
2 Unholy Aura
1 Animate Dead
4 Lich
2 Frost Nova
2 Frost Armor
» actions
| Assign group hotkey | 43 | |
| Basic commands | 411 | |
| Build / train | 100 | |
| ESC pressed | 5 | |
| Enter build submenu | 36 | |
| Enter hero's abilities submenu | 10 | |
| Give item / drop item | 3 | |
| Remove unit from queue | 1 | |
| Right click | 896 | |
| Select / deselect | 418 | |
| Select group hotkey | 1064 | |
| Use ability | 130 | |
3117 total
» units
| Acolyte | 27 | |
| Ghoul | 7 | |
| Crypt Fiend | 20 | |
| Obsidian Statue | 9 | |
| Gargoyle | 1 | |
| Frost Wyrm | 4 | |
68 total
» upgrades
| Web | 1 | |
| Creature Attack | 3 | |
| Creature Carapace | 3 | |
| Destroyer Form | 1 | |
| Freezing Breath | 1 | |
9 total
» buildings
| Graveyard | 1 | |
| Crypt | 1 | |
| Ziggurat | 10 | |
| Altar of Darkness | 1 | |
| Tomb of Relics | 2 | |
| Necropolis | 3 | |
| Halls of the Dead | 1 | |
| Black Citadel | 4 | |
| Sacrificial Pit | 1 | |
| Slaughterhouse | 1 | |
| Boneyard | 7 | |
32 total
» build order
00:07 Graveyard
00:08 Crypt
00:39 Ziggurat
00:58 Altar of Darkness
01:13 Tomb of Relics
02:02 Ziggurat
03:39 Ziggurat
05:26 Necropolis
06:44 Halls of the Dead
09:05 Black Citadel
09:06 Black Citadel
09:06 Black Citadel
09:11 Sacrificial Pit
09:14 Ziggurat
09:17 Ziggurat
09:32 Slaughterhouse
10:27 Ziggurat
10:29 Ziggurat
10:35 Tomb of Relics
11:39 Boneyard
11:41 Boneyard
11:44 Boneyard
11:45 Boneyard
13:32 Necropolis
13:59 Ziggurat
14:06 Ziggurat
14:08 Ziggurat
26:31 Boneyard
26:34 Boneyard
26:35 Boneyard
28:01 Necropolis
» items
| Rod of Necromancy | 1 | |
| Scroll of Town Portal | 1 | |
| Scroll of Healing | 1 | |
| Boots of Speed | 1 | |
| Staff of Teleportation | 1 | |
5 total
d00k (
teal | 56 APM | 2086 actions | 37:19)
6 Demon Hunter
2 Mana Burn
3 Evasion
1 Metamorphosis
6 Pandaren Brewmaster
3 Breath of Fire
2 Drunken Brawler
1 Storm Earth and Fire
» actions
| Assign group hotkey | 47 | |
| Basic commands | 126 | |
| Build / train | 106 | |
| Enter build submenu | 19 | |
| Enter hero's abilities submenu | 13 | |
| Give item / drop item | 8 | |
| Remove unit from queue | 5 | |
| Right click | 663 | |
| Select / deselect | 394 | |
| Select group hotkey | 624 | |
| Use ability | 81 | |
2086 total
» units
| Wisp | 21 | |
| Huntress | 5 | |
| Dryad | 27 | |
| Druid of the Claw | 6 | |
59 total
» upgrades
| Abolish Magic | 1 | |
| Druid of the Claw Training | 2 | |
| Strength of the Wild | 3 | |
| Reinforced Hides | 3 | |
| Well Spring | 1 | |
| Ultravision | 1 | |
11 total
» buildings
| Altar of Elders | 1 | |
| Moon Well | 9 | |
| Hunter's Hall | 1 | |
| Ancient of War | 1 | |
| Tree of Ages | 1 | |
| Ancient of Wonders | 1 | |
| Tree of Life | 2 | |
| Ancient of Lore | 2 | |
| Tree of Eternity | 1 | |
19 total
» build order
00:07 Altar of Elders
00:10 Moon Well
01:32 Hunter's Hall
01:35 Ancient of War
02:06 Moon Well
03:25 Moon Well
03:58 Tree of Ages
04:27 Ancient of Wonders
06:28 Tree of Life
06:50 Moon Well
07:02 Ancient of Lore
07:06 Ancient of Lore
08:02 Tree of Eternity
11:20 Moon Well
13:16 Moon Well
14:13 Moon Well
15:06 Moon Well
21:12 Moon Well
26:07 Tree of Life
» items
| Potion of Lesser Invulnerability | 4 | |
| Scroll of Healing | 4 | |
| Potion of Healing | 6 | |
| Scroll of Town Portal | 1 | |
15 total
team 2 (loser)
CptPeanutButter (
blue | 107 APM | 3996 actions | 37:16)
7 Death Knight
3 Death Coil
3 Unholy Aura
1 Animate Dead
7 Lich
3 Frost Nova
3 Frost Armor
1 Death and Decay
» actions
| Assign group hotkey | 756 | |
| Basic commands | 37 | |
| Build / train | 122 | |
| Enter build submenu | 25 | |
| Enter hero's abilities submenu | 15 | |
| Give item / drop item | 3 | |
| Remove unit from queue | 3 | |
| Right click | 1466 | |
| Select / deselect | 949 | |
| Select group hotkey | 412 | |
| Use ability | 206 | |
3996 total
» units
| Acolyte | 20 | |
| Ghoul | 8 | |
| Crypt Fiend | 20 | |
| Frost Wyrm | 13 | |
| Goblin Zeppelin | 1 | |
| Goblin Shredder | 1 | |
| Troll Witch Doctor | 1 | |
| Peasant | 1 | |
65 total
» upgrades
| Creature Attack | 3 | |
| Creature Carapace | 3 | |
| Web | 1 | |
| Freezing Breath | 1 | |
8 total
» buildings
| Graveyard | 1 | |
| Crypt | 2 | |
| Ziggurat | 9 | |
| Altar of Darkness | 1 | |
| Tomb of Relics | 1 | |
| Halls of the Dead | 4 | |
| Necropolis | 2 | |
| Black Citadel | 2 | |
| Sacrificial Pit | 1 | |
| Boneyard | 3 | |
| Spirit Tower | 3 | |
| Guard Tower | 1 | |
30 total
» build order
00:08 Graveyard
00:11 Crypt
00:38 Ziggurat
00:56 Altar of Darkness
01:34 Tomb of Relics
02:02 Ziggurat
03:10 Halls of the Dead
03:10 Halls of the Dead
03:10 Halls of the Dead
03:35 Necropolis
05:01 Ziggurat
05:32 Black Citadel
05:32 Black Citadel
05:35 Sacrificial Pit
07:37 Ziggurat
07:56 Boneyard
07:57 Boneyard
07:58 Boneyard
08:57 Ziggurat
09:45 Ziggurat
11:12 Ziggurat
11:12 Ziggurat
14:33 Necropolis
16:13 Spirit Tower
16:13 Spirit Tower
16:14 Spirit Tower
19:57 Ziggurat
22:33 Crypt
28:03 Guard Tower
» items
| Rod of Necromancy | 3 | |
| Orb of Corruption | 1 | |
| Potion of Lesser Invulnerability | 2 | |
| Scroll of Healing | 2 | |
| Scroll of Town Portal | 5 | |
| Healing Salve | 1 | |
| Potion of Healing | 2 | |
| Potion of Mana | 1 | |
17 total
thriftypETE (
yellow | 58 APM | 1540 actions | 26:32)
6 Tauren Chieftain
2 War Stomp
3 Endurance Aura
1 Reincarnation
4 Shadow Hunter
2 Hex
2 Healing Wave
2 Blademaster
1 Wind Walk
1 Critical Strike
» actions
| Assign group hotkey | 35 | |
| Basic commands | 3 | |
| Build / train | 77 | |
| Enter build submenu | 16 | |
| Enter hero's abilities submenu | 12 | |
| Give item / drop item | 4 | |
| Remove unit from queue | 7 | |
| Right click | 870 | |
| Select / deselect | 352 | |
| Select group hotkey | 57 | |
| Use ability | 106 | |
1540 total
» units
| Peon | 6 | |
| Grunt | 1 | |
| Troll Headhunter/Berserker | 17 | |
| Troll Witch Doctor | 4 | |
| Shaman | 4 | |
32 total
» upgrades
| Ranged Weapons | 3 | |
| Armor | 1 | |
| Witch Doctor Training | 2 | |
| Shaman Training | 2 | |
| Berserker Upgrade | 1 | |
| Troll Regeneration | 1 | |
| Reinforced Defenses | 1 | |
| Spiked Barricades | 1 | |
12 total
» buildings
| Altar of Storms | 1 | |
| Orc Burrow | 6 | |
| Barracks | 1 | |
| War Mill | 1 | |
| Stronghold | 1 | |
| Voodoo Lounge | 1 | |
| Fortress | 1 | |
| Spirit Lodge | 2 | |
| Great Hall | 2 | |
16 total
» build order
00:21 Altar of Storms
00:25 Orc Burrow
01:03 Barracks
01:40 Orc Burrow
02:10 War Mill
03:16 Stronghold
04:50 Orc Burrow
04:52 Orc Burrow
05:40 Voodoo Lounge
05:50 Fortress
05:57 Spirit Lodge
06:53 Orc Burrow
07:33 Spirit Lodge
08:45 Orc Burrow
16:47 Great Hall
21:14 Great Hall
» items
| Orb of Lightning | 2 | |
| Healing Salve | 1 | |
| Scroll of Town Portal | 4 | |
| Scroll of Protection | 1 | |
| Lesser Clarity Potion | 1 | |
9 total
KungPow (
purple | 75 APM | 2799 actions | 37:19)
10 Pandaren Brewmaster
3 Breath of Fire
3 Drunken Brawler
1 Storm Earth and Fire
3 Drunken Haze
» actions
| Assign group hotkey | 92 | |
| Basic commands | 28 | |
| Build / train | 87 | |
| Enter build submenu | 71 | |
| Enter hero's abilities submenu | 13 | |
| Give item / drop item | 12 | |
| Right click | 1456 | |
| Select / deselect | 493 | |
| Select group hotkey | 287 | |
| Use ability | 260 | |
2799 total
» units
| Peon | 9 | |
| Grunt | 7 | |
| Goblin Shredder | 1 | |
| Goblin Zeppelin | 2 | |
| Troll Batrider | 13 | |
| Goblin Sapper | 4 | |
36 total
» upgrades
| Reinforced Defenses | 1 | |
| Ranged Weapons | 2 | |
| Armor | 2 | |
| Troll Regeneration | 1 | |
| Liquid Fire | 1 | |
7 total
» buildings
| Orc Burrow | 4 | |
| Altar of Storms | 1 | |
| Barracks | 1 | |
| Voodoo Lounge | 1 | |
| War Mill | 3 | |
| Great Hall | 2 | |
| Stronghold | 1 | |
| Watch Tower | 41 | |
| Fortress | 1 | |
| Beastiary | 4 | |
| Scout Tower | 12 | |
| Guard Tower | 4 | |
75 total
» build order
00:19 Orc Burrow
01:14 Orc Burrow
01:21 Altar of Storms
01:27 Barracks
01:50 Voodoo Lounge
02:15 War Mill
03:05 Orc Burrow
05:05 Great Hall
06:33 Stronghold
07:16 Great Hall
07:40 Watch Tower
07:40 Watch Tower
07:52 Watch Tower
07:52 Watch Tower
07:52 Watch Tower
07:59 Orc Burrow
08:17 Watch Tower
08:19 Watch Tower
09:32 Watch Tower
09:35 Watch Tower
09:36 Watch Tower
10:40 Watch Tower
10:40 Watch Tower
10:40 Watch Tower
11:52 Fortress
11:55 Watch Tower
11:56 Watch Tower
11:56 Watch Tower
13:08 Beastiary
13:12 Beastiary
13:14 Beastiary
13:17 Beastiary
13:29 Watch Tower
13:31 Watch Tower
13:32 Watch Tower
20:08 War Mill
23:00 Watch Tower
23:00 Watch Tower
23:00 Watch Tower
23:01 Watch Tower
23:03 Watch Tower
23:07 Watch Tower
23:08 Watch Tower
23:10 Watch Tower
26:53 Watch Tower
26:53 Watch Tower
26:54 Watch Tower
26:54 Watch Tower
26:55 Watch Tower
26:56 Watch Tower
26:57 Watch Tower
26:58 Watch Tower
27:25 Scout Tower
27:26 Scout Tower
27:26 Scout Tower
27:26 Scout Tower
27:27 Scout Tower
27:27 Scout Tower
27:28 Scout Tower
28:09 War Mill
28:12 Guard Tower
28:13 Guard Tower
29:25 Scout Tower
29:25 Scout Tower
29:25 Scout Tower
29:26 Scout Tower
29:26 Scout Tower
30:16 Guard Tower
32:12 Guard Tower
34:19 Watch Tower
34:20 Watch Tower
34:20 Watch Tower
34:20 Watch Tower
34:22 Watch Tower
» items
| Healing Salve | 6 | |
| Boots of Speed | 1 | |
| Staff of Teleportation | 2 | |
| Periapt of Vitality | 1 | |
| Potion of Mana | 3 | |
| Lesser Clarity Potion | 5 | |
| Scroll of Town Portal | 5 | |
| Orb of Lightning | 1 | |
| Potion of Healing | 1 | |
25 total

»
chene (
orange | 43 APM | 1163 actions | 26:58)
3 Archmage
2 Summon Water Elemental
1 Blizzard
4 Paladin
2 Holy Light
2 Divine Shield
» actions
| Assign group hotkey | 6 | |
| Build / train | 75 | |
| Enter build submenu | 24 | |
| Enter hero's abilities submenu | 7 | |
| Give item / drop item | 1 | |
| Right click | 703 | |
| Select / deselect | 225 | |
| Select group hotkey | 59 | |
| Use ability | 63 | |
1163 total
» units
| Peasant | 7 | |
| Footman | 3 | |
| Rifleman | 20 | |
| Gryphon Rider | 10 | |
| Knight | 7 | |
47 total
» upgrades
| Masonry | 3 | |
| Lumber Harvesting | 2 | |
| Gunpowder | 3 | |
| Armor | 3 | |
| Storm Hammers | 1 | |
| Long Rifles | 1 | |
| Plating | 1 | |
| Animal War Training | 2 | |
| Swords | 1 | |
17 total
» buildings
| Farm | 15 | |
| Altar of Kings | 1 | |
| Barracks | 1 | |
| Keep | 1 | |
| Lumber Mill | 2 | |
| Blacksmith | 1 | |
| Gryphon Aviary | 1 | |
| Castle | 1 | |
| Arcane Vault | 1 | |
| Town Hall | 1 | |
25 total
» build order
00:32 Farm
00:38 Farm
01:08 Altar of Kings
01:35 Barracks
02:10 Farm
02:23 Keep
02:43 Lumber Mill
02:51 Farm
03:28 Farm
04:02 Blacksmith
04:49 Gryphon Aviary
05:00 Farm
05:47 Farm
06:43 Castle
07:21 Farm
09:08 Farm
09:49 Lumber Mill
10:48 Farm
12:40 Farm
13:39 Arcane Vault
13:53 Farm
15:12 Farm
17:22 Farm
20:11 Town Hall
21:21 Farm
Chat log
(06:52 / All) KungPow: Stick yoru mh up your ass
(06:57 / Allies) thriftypETE: omw
(08:23 / Allies) KungPow: run to me yel
(11:46 / Allies) thriftypETE: gj
(12:08 / Allies) KungPow: he's smart lol
(14:58 / Allies) KungPow: fuck lol
(15:11 / Allies) KungPow: didn't mean to click off of that shade
(15:56 / Allies) CptPeanutButter: they are coming
(16:22 / Allies) thriftypETE: oops lol
(16:50 / Allies) CptPeanutButter: all 4 just oustide there
(16:51 / Allies) CptPeanutButter: get ready
(17:22 / Allies) CptPeanutButter: they go for here
(17:41 / Allies) CptPeanutButter: all tp
(17:42 / Allies) CptPeanutButter: to y ellow
(17:52 / Allies) CptPeanutButter: GOGOGOG
(17:53 / Allies) CptPeanutButter: fight
(19:42 / All) KungPow: FOR PANDARIA
(20:11 / Allies) thriftypETE: knight oj
(20:39 / Allies) KungPow: mass fiends instead blue
(20:41 / Allies) KungPow: in case he go bat
(20:46 / Allies) CptPeanutButter: i got full armor
(20:48 / Allies) CptPeanutButter: so its ok if he does
(21:47 / All) KungPow: lucky nig on path
(21:59 / Allies) KungPow: out
(22:00 / Allies) KungPow: out
(22:00 / Allies) KungPow: out
(22:02 / Allies) KungPow: out
(22:03 / Allies) KungPow: out
(22:04 / Allies) KungPow: out
(22:04 / Allies) KungPow: wtf
(22:05 / Allies) CptPeanutButter: FUCK
(22:07 / Allies) KungPow: lmao
(22:08 / Allies) CptPeanutButter: NO TP LEFT
(22:10 / Allies) KungPow: it's cool
(22:20 / Allies) CptPeanutButter: ITS NOT COOL
(22:22 / Allies) CptPeanutButter: I LOST ALL MY WYRMS FOR FREE
(22:36 / Allies) KungPow: buy tp next time
(22:36 / Allies) CptPeanutButter: ty
(22:39 / Allies) CptPeanutButter: i had one
(22:43 / Allies) KungPow: out
(22:43 / Allies) CptPeanutButter: they hexed and killled dk
(23:06 / Allies) CptPeanutButter: that is a fuck load of AA and air by them
(23:07 / Allies) CptPeanutButter: l;ol
(23:23 / Allies) CptPeanutButter: is someone on our side building AA?
(23:30 / Allies) CptPeanutButter: if not please do :P
(23:33 / Allies) thriftypETE: purp has bats
(24:18 / Allies) KungPow: back
(24:18 / Allies) KungPow: back
(24:30 / Allies) KungPow: back
(24:34 / Allies) CptPeanutButter: fight by towers
(24:35 / Allies) CptPeanutButter: yes
(25:54 / Allies) KungPow: why did yhou guys tp
(26:01 / Allies) CptPeanutButter: 8 towrs
(26:04 / Allies) thriftypETE: i saw allied wyrms
(26:09 / Allies) thriftypETE: was trying to back my dudes
(26:10 / Allies) thriftypETE: you know
(26:14 / Allies) thriftypETE: i always say
(26:16 / Allies) CptPeanutButter: fact that we lost with 8 towers
(26:17 / Allies) thriftypETE: respect it dont neglect it
(26:19 / Allies) CptPeanutButter: means it was done anywhere
(26:27 / Allies) KungPow: they don't have xpo
(26:28 / All) thriftypETE: gg
(26:40 / Allies) KungPow: use tc
(26:44 / All) 4468: gg
(27:05 / Allies) KungPow: game ain't over
(27:08 / Allies) KungPow: they will be out of gold soon
(27:12 / Allies) CptPeanutButter: im donw to fight
(27:13 / Allies) KungPow: I got ton of tower
(27:19 / Allies) KungPow: put orange ointo your base
(29:00 / Allies) KungPow: fugt at your base
(29:05 / Allies) CptPeanutButter: yeah i try to lure them there
(29:09 / Allies) KungPow: more orange tower
(31:38 / Allies) KungPow: gold?
(33:12 / Allies) CptPeanutButter: :(
(33:23 / Allies) KungPow: need me bats but had to use
(34:26 / Allies) CptPeanutButter: lookin dicye
(34:30 / Allies) CptPeanutButter: will try to nuke a hero
(34:33 / Allies) CptPeanutButter: sh
(35:01 / Allies) CptPeanutButter: b
(35:09 / Allies) CptPeanutButter: damn it
(36:32 / Allies) CptPeanutButter: yeah
(37:03 / Allies) CptPeanutButter: gg
(37:10 / Allies) CptPeanutButter: nice try man
(37:11 / Allies) KungPow: we can't deny their expos and can't get one yeh
(37:12 / Allies) CptPeanutButter: was fun
(37:12 / Allies) KungPow: gg
(37:18 / All) KungPow: gg